 Dungeon Crawl Stone Soup version 0.30-a0-311-gf115ab0292 (webtiles) character file.

Game seed: 5336836434017835348

1152 koil the Covert (level 8, -2/42 HPs)
             Began as a Spriggan Brigand on Oct 25, 2022.
             Slain by a gnoll
             ... wielding a +0 flail
              (10 damage)
             ... on level 5 of the Dungeon.
             The game lasted 00:12:59 (4142 turns).

koil the Covert (Spriggan Brigand)                  Turns: 4142, Time: 00:13:00

Health: -2/42      AC:  3    Str:  7    XL:     8   Next: 16%
Magic:  16/16      EV: 19    Int: 21    God:
Gold:   249        SH:  0    Dex: 16    Spells: 12/16 levels left

rFire   . . .      SeeInvis +    i - +1 dagger (venom)
rCold   . . .      Faith    .    (no shield)
rNeg    . . .      Spirit   .    b - +0 robe
rPois   .          Reflect  .    (helmet restricted)
rElec   .          Harm     .    c - +0 cloak
rCorr   +          Rampage  .    (gloves unavailable)
Will    +....                    (boots unavailable)
Stlth   ++++......               (no amulet)
HPRegen 0.27/turn                f - +6 ring of intelligence
MPRegen 0.15/turn                s - ring of resist corrosion

@: very quick
A: very small, no large weapons, unfitting armour, see invisible, speed 3
a: no special abilities


You were on level 5 of the Dungeon.
You visited 1 branch of the dungeon, and saw 5 of its levels.
You also visited: Sewer.

You collected 249 gold pieces.

Inventory:

Hand Weapons
 a - a +2 dagger
 i - a +1 dagger of venom (weapon)
 l - a +4 scythe of protection
 r - a +2 flail of holy wrath
 C - a +2 short sword of draining
 F - a +1 shortbow of freezing
 G - a +0 short sword of draining
 K - a +1 war axe of electrocution
 M - a +1 shortbow of flaming
Missiles
 d - 7 poisoned darts (quivered)
 e - 4 curare-tipped darts
Armour
 b - a +0 robe (worn)
 c - a +0 cloak (worn)
 m - a +0 robe
 y - an orb of energy
Magical Staves
 h - a staff of conjuration
 w - a staff of death
 E - a staff of cold
Jewellery
 f - a +6 ring of intelligence (left hand)
 s - a ring of resist corrosion (right hand)
 L - a ring of flight
Wands
 q - a wand of digging (7)
Scrolls
 g - 2 scrolls of teleportation {unknown}
 j - 7 scrolls of identify {unknown}
 n - a scroll of silence {unknown}
 u - 3 scrolls of immolation {unknown}
 v - a scroll of torment {unknown}
 x - a scroll of summoning {unknown}
 z - 3 scrolls of poison {unknown}
 D - a scroll of magic mapping {unknown}
 N - a scroll of fear {unknown}
Potions
 k - 2 potions of haste
 o - a potion of magic {unknown}
 p - a potion of might {unknown}
 t - a potion of brilliance {unknown}
 A - a potion of ambrosia {unknown}
 B - 3 potions of lignification {unknown}
 H - a potion of curing
 I - 3 potions of flight
 J - a potion of heal wounds
 O - a potion of attraction {unknown}


   Skills:
 + Level 3.8 Fighting
 + Level 5.0 Short Blades
 - Level 2.0 Throwing
 + Level 5.5 Dodging
 + Level 9.0 Stealth
 + Level 4.9 Spellcasting
 + Level 1.1 Hexes


You had 12 spell levels left.
You knew the following spells:

 Your Spells              Type           Power      Damage    Failure   Level
a - Fulminant Prism       Conj/Hex       3%         3d6       65%         4

Your spell library contained the following spells:

 Spells                   Type           Power      Damage    Failure   Level
 Dazzling Flash           Conj/Hex       14%        N/A       26%         3
 Kindle Blastsparks       Fire/Tloc/Air  10%        2d10      32%         3
 Iskenderun's Mystic Bla  Conj/Tloc      5%         2d3       73%         4
 Lee's Rapid Deconstruct  Erth           2%         3d5*      97%         5
 Discord                  Hex            4%         N/A       100%        8


Dungeon Overview and Level Annotations

Branches:
Dungeon (5/15)              Sewer (visited)
 Temple: D:4-7

Altars:
Ashenzari
Cheibriados
Fedhas
Hepliaklqana
Trog
Uskayaw
Xom
Zin


Innate Abilities, Weirdness & Mutations

You are very small and have problems with some larger weapons.
You are too small for most types of armour.
You have supernaturally acute eyesight. (SInv)
You cover ground extremely quickly. (Speed+++)


Message History

Throw: 7 darts (poison)
Press: ? - help, Q - select action, (/) - cycle Shift-Dir - straight line, f - you Really target yourself?
Okay, then.
Unknown command.
The gnoll shouts!
You hit the gnoll but do no damage. The gnoll completely misses you.
You closely miss the gnoll. You barely miss the gnoll.
You hit the gnoll but do no damage.
The gnoll is poisoned.
The gnoll barely misses you. The gnoll hits you with a +0 flail!
You hit the gnoll but do no damage.
The gnoll looks as sick as possible!
The gnoll is lightly wounded.
The gnoll completely misses you. The gnoll hits you with a +0 flail.
You hit the gnoll.
The gnoll looks as sick as possible!
The gnoll is moderately wounded.
You hit the gnoll but do no damage.
The gnoll looks as sick as possible!
The gnoll is heavily wounded.
The gnoll closely misses you. The gnoll completely misses you.
You hit the gnoll.
The gnoll looks as sick as possible!
The gnoll is severely wounded.
You kill the gnoll!
The gnoll hits you with a +0 flail!
You swing at nothing.
The gnoll completely misses you.
You swing at nothing.
You closely miss the gnoll. The gnoll misses you.
You closely miss the gnoll. The gnoll closely misses you.
You hit the gnoll.
The gnoll is poisoned.
The gnoll is moderately wounded.
You hit the gnoll.
The gnoll looks as sick as possible!
The gnoll is moderately wounded.
The gnoll hits you with a +0 flail!
* * * LOW HITPOINT WARNING * * *
You hit the gnoll.
The gnoll is severely wounded.
The gnoll closely misses you.
You hit the gnoll.
The gnoll is almost dead.
The gnoll hits you with a +0 flail!
You die...

#(# ##.# #g#
#... #.### ##..
#..(# #.# ###)#
#.. #.# #.# #(#
#.# .#########)#
#.#
.........g@###
#.#
#..#####....#
#####.#
###...........#
#.....#
....8.......8.#
#.#####
#...........#
######.#
#.8.......8.#
#...)).#
####.....).....#
#.###).#
.....8..._...8.#
#.# #..#
..#....###....#
#.###..###


You could see a gnoll (extremely poisoned).

Vanquished Creatures
  Sigmund (D:1)
  2 centaurs (D:4)
  2 kobold brigands (Sewer)
  2 necrophages
  A bullfrog (D:5)
  2 scorpions
  A hound (D:5)
  2 orc priests
  Terence (D:2)
  An iguana (D:4)
  3 orc wizards
  3 adders
  A river rat (D:4)
  3 gnolls (D:5)
  4 dart slugs
  14 orcs
  3 bats (D:1)
  5 endoplasms
  5 giant cockroaches
  7 goblins
  6 hobgoblins
  3 jackals (D:3)
  6 quokkas
  12 ball pythons
  4 frilled lizards
  10 kobolds
  11 rats
115 creatures vanquished.

Notes
Turn   | Place    | Note
-------+----------+-------------------------------------------
     0 | D:1      | koil the Spriggan Brigand began the quest for the Orb.
     0 | D:1      | Reached XP level 1. HP: 10/10 MP: 2/2
   175 | D:1      | Reached skill level 6 in Stealth
   211 | D:1      | Reached XP level 2. HP: 15/15 MP: 2/4
   443 | D:1      | Reached skill level 1 in Spellcasting
   714 | D:1      | Found a faded altar of an unknown god.
   792 | D:1      | Reached XP level 3. HP: 12/18 MP: 5/5
   921 | D:2      | Noticed Sigmund
   953 | D:1      | Killed Sigmund
   954 | D:1      | Reached XP level 4. HP: 23/23 MP: 5/8
   954 | D:1      | Reached XP level 5. HP: 27/27 MP: 5/9
  1041 | D:2      | Reached skill level 7 in Stealth
  1256 | D:2      | Noticed Terence
  1259 | D:2      | Killed Terence
  1740 | D:3      | Reached XP level 6. HP: 5/32 MP: 11/11
  2119 | D:3      | Found a glowing silver altar of Zin.
  2159 | D:3      | Found a bloodstained altar of Trog.
  2347 | D:4      | Found a snail-covered altar of Cheibriados.
  2404 | D:4      | Found a hazy altar of Hepliaklqana.
  2657 | D:4      | Found a large runed translucent door.
  2658 | D:4      | Found a large runed translucent door.
  2668 | D:4      | Found a large runed translucent door.
  2668 | D:4      | Found a large runed translucent door.
  2690 | D:4      | Found a glowing drain.
  2723 | D:4      | Found a shimmering altar of Xom.
  2828 | D:4      | Reached skill level 8 in Stealth
  2828 | D:4      | Reached XP level 7. HP: 36/36 MP: 13/13
  2873 | D:4      | Found a broken altar of Ashenzari.
  2924 | Sewer    | Entered a sewer
  3246 | Sewer    | Found a white marble altar of Elyvilon.
  3637 | D:4      | Reached skill level 5 in Dodging
  3695 | D:4      | Got Sif Muna's Handbook of Spatial Fascination
  3715 | D:5      | Entered Level 5 of the Dungeon
  3718 | D:5      | Found a blossoming altar of Fedhas.
  3824 | D:5      | Learned a level 4 spell: Fulminant Prism
  3893 | D:5      | Reached XP level 8. HP: 20/42 MP: 14/16
  3894 | D:5      | Reached skill level 5 in Short Blades
  3990 | D:5      | Found a hide-covered altar of Uskayaw.
  4019 | D:5      | Reached skill level 9 in Stealth
  4019 | D:5      | Reached skill level 1 in Hexes
  4142 | D:5      | Slain by a gnoll

Illustrated notes

Levels and vault maps discovered:
D:1:      dpeg_arrival_solitude, layout_loops_ring,
          ebering_ecumenical_altar_hall, minmay_pentomino_r2
D:2:      layout_rooms, serial_glass, glass_columns_c, glass_columns_a,
          uniq_sigmund, uniq_terence
D:3:      layout_rooms, mainiacjoe_overflow_alcove_4, trog_butcher_becter,
          nicolae_titane
D:4:      layout_basic, evilmike_ruin_ashenzari,
          mainiacjoe_overflow_small_starburst,
          mainiacjoe_overflow_large_starburst, portal_sewer_entry_a,
          minmay_hollow_rounded_squares
D:5:      layout_loops_ring, amcnicky_altar_gilded,
          nicolae_wu_jian_immortal_techniques, eat_drink_and_be_merry_uskayaw,
          gammafunk_temple_overflow_wave, mainiacjoe_overflow_catwalk

Skill      XL: |  1  2  3  4  5  6  7  8 |
---------------+-------------------------+-----
Stealth        | 6 7 8 9 |  9.0
Spellcasting   | 1 2 3 4 |  4.9
Dodging        | 2 3 4 5 |  5.5
Fighting       | 2 3 |  3.8
Short Blades   | 3 4 5 |  5.0
Hexes          | 1 |  1.1
Throwing       | |  2.0

Action                   |  1- 3 |  4- 6 |  7- 9 || total
-------------------------+-------+-------+-------++-------
Melee: Dagger            |    44 |   167 |   140 ||   351
       Punch             |       |     2 |     2 ||     4
Throw: Dart              |     2 |    16 |    31 ||    49
  Use: Potion            |       |       |     1 ||     1
 Stab: Sleeping          |    12 |    19 |     9 ||    40
Armor: Robe              |     4 |    14 |     5 ||    23
Dodge: Dodged            |    30 |   111 |    95 ||   236

Table legend: (Time is in decaauts)
 A = Elapsed time spent in this place.
 B = Non-inter-level travel time spent in this place.
 C = Inter-level travel time spent in this place.
 D = Time resting spent in this place.
 E = Time spent auto-exploring this place.
 F = Levels seen in this place.
 G = Mean time per level.
                   A        B        C        D        E       F      G
               +--------+--------+--------+--------+--------+-----+--------+
         Total |   2974 |   2898 |     76 |    185 |   1889 |   6 |  495.7 |
       Dungeon |   2662 |   2586 |     76 |    180 |   1671 |   5 |  532.4 |
         Sewer |    312 |    312 |      0 |      5 |    218 |   1 |  312.0 |
               +--------+--------+--------+--------+--------+-----+--------+

Top non-repeatable levels by time:
     D:4: 711 daAuts
     D:1: 661 daAuts
     D:3: 599 daAuts
     D:2: 357 daAuts
     D:5: 332 daAuts
   Sewer: 312 daAuts
